 Dungeon Crawl Stone Soup version 0.29.0-4-gdea44cf6ec (webtiles) character file.

Game seed: 9122664934963161200

135 qw the Chopper (level 4, -3/39 HPs)
             Began as a Minotaur Fighter on Sept 4, 2022.
             Killed from afar by a steam dragon (20 damage)
             ... with a ball of steam
             ... on level 4 of the Dungeon.
             The game lasted 00:01:02 (3418 turns).

qw the Chopper (Minotaur Fighter)                   Turns: 3418, Time: 00:01:03

Health: -3/39      AC:  9    Str: 23    XL:     4   Next: 96%
Magic:  3/3        EV:  8    Int:  5    God:
Gold:   163        SH:  4    Dex:  9    Spells: 3/3 levels left

rFire   . . .      SeeInvis .   Y - +0 war axe (drain)
rCold   . . .      Faith    .   c - +0 buckler
rNeg    . . .      Spirit   .   e - +0 chain mail
rPois   .          Reflect  .   (helmet restricted)
rElec   .          Harm     .   (no cloak)
rCorr   .          Rampage  .   (no gloves)
Will    .....                   (no boots)
Stlth   ..........              (no amulet)
HPRegen 0.13/turn               (no ring)
MPRegen 0.08/turn               (no ring)

@: no status effects
A: horns 2, retaliatory headbutt
a: no special abilities


You were on level 4 of the Dungeon.
You visited 1 branch of the dungeon, and saw 4 of its levels.

You collected 163 gold pieces.


Innate Abilities, Weirdness & Mutations

You have a pair of horns on your head.
You reflexively headbutt those who attack you in melee.


   Skills:
 - Level 3.6 Fighting
 + Level 6.0 Axes
 - Level 3.6 Armour
 - Level 1.2 Dodging
 - Level 3.6 Shields


You had 3 spell levels left.
You didn't know any spells.
Your spell library was empty.

Inventory:

Hand Weapons
 f - a +0 flail
 Y - a +0 war axe of draining (weapon)
Missiles
 a - 3 boomerangs (quivered)
Armour
 c - a +0 buckler (worn)
 e - a +0 chain mail (worn)
Scrolls
 l - a scroll of identify
Potions
 d - a potion of might
 g - a potion of haste {unknown}
 i - a potion of berserk rage {unknown}
 j - a potion of mutation {unknown}

Dungeon Overview and Level Annotations

Branches:
Dungeon (4/15)
 Temple: D:4-7

Altars:
Sif Muna
Wu Jian

Annotations:
D:2 1 runed translucent door, Crazy Yiuf
D:4 Ijyb


Message History

You hit the steam dragon but do no damage.
The steam dragon bites you.
The steam dragon claws you but does no damage.
You hit the steam dragon. You drain the steam dragon.
The steam dragon is moderately wounded.
The steam dragon breathes steam at you. The ball of steam hits you!
You block the steam dragon's attack.
The steam dragon claws you but does no damage.
You barely miss the steam dragon. Your headbutt misses the steam dragon.
The steam dragon is moderately wounded.
You are engulfed in a cloud of scalding steam.
The steam dragon bites you but does no damage.
The steam dragon claws you.
3414 ||| DRINKING potion of heal wounds.
You feel much better. The steam dragon breathes steam at you.
The ball of steam hits you!
You hear a shout!
You closely miss the steam dragon.
The steam dragon is moderately wounded.
You are engulfed in a cloud of scalding steam.
The steam dragon bites you but does no damage.
The steam dragon claws you but does no damage.
You slash the steam dragon!
The steam dragon is heavily wounded.
The steam dragon bites you but does no damage.
You block the steam dragon's attack.
You barely miss the steam dragon. You headbutt the steam dragon.
The steam dragon is severely wounded.
Ijyb the Twisted Goblin comes into view.
She is wielding a +2 spectral club, wearing a +4 ring mail of positive energy and carrying a wand of flame (30).
The steam dragon barely misses you.
The steam dragon claws you but does no damage.
You block the steam dragon's attack.
The steam dragon claws you but does no damage.
You barely miss the steam dragon.
The steam dragon is severely wounded.
The steam dragon breathes steam at you. The ball of steam hits you!!
Ouch! That really hurt!
You die...

#.. #..##..##....#....
... #.......#....#....
..! #.......#....#....
#.. #.g##..##....'....
###..##..##..####'##.)).
.............##....#.)%.
..............#....#....
+##'###'###'###)...#<...
.......@..#..##....#....
........D.#...)....#....
..........#........#....
..........##'#######....
###+#####..... .....
#...... ...... #......
...... #....... .......
#.......


You could see a steam dragon (catching breath, drained) and Ijyb.

Vanquished Creatures
  4 gnolls (D:4)
  3 adders
  2 dart slugs
  2 ball pythons (D:3)
  4 bats
  5 endoplasms
  10 giant cockroaches
  4 goblins
  9 hobgoblins
  4 jackals (D:1)
  2 quokkas
  3 frilled lizards
  A kobold (D:1)
  7 rats
60 creatures vanquished.

Notes
Turn   | Place    | Note
-------+----------+-------------------------------------------
     0 | D:1      | qw the Minotaur Fighter began the quest for the Orb.
     0 | D:1      | Reached XP level 1. HP: 19/19 MP: 0/0
     0 | D:1      | 0 ||| qw: Version: 0.1-a-103-gd6f5d3a
     0 | D:1      | 0 ||| qw: Game counter: 5520
     0 | D:1      | 0 ||| qw: Always use a shield: true
     0 | D:1      | 0 ||| qw: God list: Ru
     0 | D:1      | 0 ||| qw: Allow faded altars: false
     0 | D:1      | 0 ||| qw: Do Orc after D:15 true
     0 | D:1      | 0 ||| qw: Do second Lair branch before Depths: true
     0 | D:1      | 0 ||| qw: Lair rune preference: random
     0 | D:1      | 0 ||| qw: Plans: Normal
     0 | D:1      | 0 ||| PLANNING D:1-11
   226 | D:1      | 226 ||| Stepping ~*~*~tactically~*~*~ (stealth).
   232 | D:1      | Reached skill level 3 in Axes
   289 | D:1      | Reached XP level 2. HP: 26/26 MP: 1/1
   630 | D:1      | Reached skill level 4 in Axes
   843 | D:1      | 843 ||| READING scroll labelled BUSCHO CYWNO.
   994 | D:2      | Reached XP level 3. HP: 31/31 MP: 2/2
  1078 | D:2      | Found a faded altar of an unknown god.
  1198 | D:2      | Found a runed translucent door.
  1199 | D:2      | Noticed Crazy Yiuf
  2234 | D:2      | 2234 ||| UPGRADING to +0 chain mail.
  2244 | D:2      | 2244 ||| DROPPING +0 scale mail.
  2245 | D:2      | 2245 ||| READING scroll labelled YSHULE WORI.
  2246 | D:2      | 2246 ||| READING 2 scrolls of identify.
  2246 | D:2      | 2246 ||| IDENTIFYING yellow potion
  2247 | D:2      | 2247 ||| DROPPING potion of brilliance.
  2305 | D:3      | 2305 ||| FLEEEEING.
  2306 | D:3      | 2306 ||| STAIRDANCE
  2487 | D:3      | 2487 ||| Stepping ~*~*~tactically~*~*~ (stealth).
  2492 | D:3      | Reached skill level 5 in Axes
  2496 | D:3      | 2496 ||| Stepping ~*~*~tactically~*~*~ (stealth).
  2497 | D:3      | 2497 ||| Stepping ~*~*~tactically~*~*~ (stealth).
  2498 | D:3      | 2498 ||| Stepping ~*~*~tactically~*~*~ (stealth).
  2541 | D:3      | 2541 ||| Stepping ~*~*~tactically~*~*~ (stealth).
  2587 | D:3      | Found a shimmering blue altar of Sif Muna.
  2596 | D:3      | 2596 ||| FLEEEEING.
  2607 | D:3      | 2607 ||| FLEEEEING.
  2609 | D:3      | 2609 ||| FLEEEEING.
  2617 | D:3      | 2617 ||| STAIRDANCE
  2785 | D:2      | 2785 ||| READING scroll labelled EMIYL NYKOCW.
  2786 | D:2      | 2786 ||| READING 2 scrolls of identify.
  2786 | D:2      | 2786 ||| IDENTIFYING white potion
  2787 | D:2      | 2787 ||| DROPPING potion of lignification.
  2924 | D:3      | Found an ornate altar of the Wu Jian Council.
  2959 | D:3      | Reached XP level 4. HP: 39/39 MP: 3/3
  3189 | D:3      | 3189 ||| DRINKING 2 viscous amethyst potions.
  3190 | D:3      | 3190 ||| READING 2 scrolls of identify.
  3190 | D:3      | 3190 ||| IDENTIFYING fizzy yellow potion
  3191 | D:3      | 3191 ||| DROPPING potion of flight.
  3213 | D:4      | Reached skill level 6 in Axes
  3363 | D:4      | 3363 ||| DROPPING +0 club.
  3364 | D:4      | 3364 ||| Stepping ~*~*~tactically~*~*~ (stealth).
  3381 | D:4      | Reached skill level 1 in Dodging
  3382 | D:4      | Noticed a steam dragon
  3383 | D:4      | 3383 ||| Stepping ~*~*~tactically~*~*~ (stealth).
  3408 | D:4      | 3408 ||| Stepping ~*~*~tactically~*~*~ (stealth).
  3413 | D:4      | HP: 7/39 [steam dragon] (3)]
  3414 | D:4      | 3414 ||| DRINKING potion of heal wounds.
  3417 | D:4      | Noticed Ijyb
  3418 | D:4      | Killed from afar by a steam dragon

Levels and vault maps discovered:
D:1:      minmay_arrival_pointy, layout_basic
D:2:      layout_basic, basic_ecumenical_altar, uniq_crazy_yiuf_cottage
D:3:      layout_rooms, nzn_wu_jian_council_hall, led_sif_book,
          kennysheep_generic_room_5
D:4:      minmay_wonky_spiral, layout_gridville,
          mainiacjoe_overflow_concentric_impassable,
          minmay_temple_entry_stoned_glass, uniq_eustachio, uniq_blork_the_orc,
          uniq_ijyb

Skill      XL: |  1  2  3  4 |
---------------+-------------+-----
Axes           | 3 4 5 6 |  6.0
Dodging        | 1 |  1.2
Fighting       | |  3.6
Armour         | |  3.6
Shields        | |  3.6

Action                   |  1- 3 |  4- 6 || total
-------------------------+-------+-------++-------
Melee: War axe           |    88 |    32 ||   120
       Headbutt          |    12 |     4 ||    16
Throw: Boomerang         |     5 |     7 ||    12
  Use: Scroll            |     5 |     1 ||     6
       Potion            |       |     2 ||     2
Armor: Scale mail        |    22 |       ||    22
       Chain mail        |     9 |    20 ||    29
Dodge: Dodged            |    35 |    10 ||    45
Block: Buckler           |    14 |     7 ||    21

Table legend:
 A = Non-vault XP
 B = Vault XP
 C = Vault XP percentage of total XP
 D = Non-vault monster count
 E = Vault monster count
 F = Vault count percentage of total count
                 A         B        C        D         E       F
            +---------+---------+-------+---------+---------+-------
      Total |     176 |      17 |   8.8 |      57 |       3 |   5.0
            +---------+---------+-------+---------+---------+-------
        D:1 |      39 |       0 |   0.0 |      22 |       0 |   0.0
        D:2 |      34 |       0 |   0.0 |      13 |       0 |   0.0
        D:3 |      30 |      17 |  36.2 |      15 |       3 |  16.7
        D:4 |      73 |       0 |   0.0 |       7 |       0 |   0.0
            +---------+---------+-------+---------+---------+-------
